3A
GRAND FORKS CATERPILLARS @ HIGHWOOD HAWKS
06/17/2026
 
TOP OF THE 1ST
Grand Forks Caterpillars batting - Pitching for Highwood Hawks : LHP Pedro Tavárez
Pitching: LHP Pedro Tavárez
Batting: RHB José Báez 0-0: Foul Ball, location: 2F
0-1: Ball
1-1: Foul Ball, location: 2F
1-2: Ball
2-2: Strikes out swinging
Batting: RHB Rhett Barry 0-0: Called Strike
0-1: Foul Ball, location: 2F
0-2: Strikes out swinging
Batting: RHB Júlio Rodríguez 0-0: Ball
1-0: Ball
2-0: Called Strike
2-1: Foul Ball, location: 2F
2-2: Fly out, F8 (Flyball, 8RS)
Top of the 1st over - 0 run(s), 0 hit(s), 0 error(s), 0 left on base; Grand Forks 0 - Highwood 0
BOTTOM OF THE 1ST
Highwood Hawks batting - Pitching for Grand Forks Caterpillars : LHP Awad Mahmudnizhad
Pitching: LHP Awad Mahmudnizhad
Batting: SHB Iikka Karpinen 0-0: Called Strike
0-1: Ball
1-1: Swinging Strike
1-2: Strikes out swinging
Batting: LHB Jeff Simpson 0-0: Called Strike
0-1: Ball
1-1: Called Strike
1-2: Ball
2-2: Ball
3-2: Base on Balls
Batting: RHB Reg Spiers 0-0: Called Strike
0-1: Ball
1-1: Ball
2-1: Ball
3-1: Fly out, F9 (Flyball, 9LS)
Batting: RHB Dennis Dudash 0-0: Called Strike
Jeff Simpson steals 2nd base
0-1: Foul Ball, location: 2F
0-2: Strikes out swinging
Bottom of the 1st over - 0 run(s), 0 hit(s), 0 error(s), 1 left on base; Grand Forks 0 - Highwood 0
TOP OF THE 2ND
Grand Forks Caterpillars batting - Pitching for Highwood Hawks : LHP Pedro Tavárez
Batting: RHB Jeff Conn 0-0: SINGLE (Groundball, 56D)
Batting: RHB Jorge Noutel 0-0: Ball
1-0: SINGLE (Flyball, 9LS)
Jeff Conn to second
Runner from 2nd tries for 3rd, SAFE, no throw
Batting: SHB Leo Szilard 0-0: Ball
Jorge Noutel is caught stealing 2nd base
1-0: Called Strike
1-1: Called Strike
1-2: Strikes out swinging
Batting: SHB Kel Altagracia 0-0: Ball
1-0: Foul Ball, location: 2F
1-1: Ball
2-1: Ball
3-1: Fly out, F8 (Flyball, 8RD)
Top of the 2nd over - 0 run(s), 2 hit(s), 0 error(s), 1 left on base; Grand Forks 0 - Highwood 0
BOTTOM OF THE 2ND
Highwood Hawks batting - Pitching for Grand Forks Caterpillars : LHP Awad Mahmudnizhad
Batting: SHB Gabriel Pittman 0-0: Fly out, F7 (Flyball, 7LSF)
Batting: LHB Jaime Aguilar 0-0: SINGLE (Groundball, 34S) (infield hit)
Batting: RHB Gerardo Espinoza 0-0: Ball
1-0: Ball
2-0: Called Strike
2-1: Fly out, F5 (Line Drive, 5)
Batting: RHB Stephen McManus 0-0: Called Strike
Jaime Aguilar steals 2nd base
0-1: Ball
1-1: Ball
2-1: Foul Ball, location: 2F
2-2: Ball
3-2: Foul Ball, location: 2F
3-2: Fly out, F9 (Flyball, 9LS)
Bottom of the 2nd over - 0 run(s), 1 hit(s), 0 error(s), 1 left on base; Grand Forks 0 - Highwood 0
TOP OF THE 3RD
Grand Forks Caterpillars batting - Pitching for Highwood Hawks : LHP Pedro Tavárez
Batting: RHB Javier Carretero 0-0: Ball
1-0: Ball
2-0: Ball
3-0: Base on Balls
Batting: RHB Joel Burrell 0-0: Ball
1-0: Ball
2-0: Foul Ball, location: 2F
2-1: Called Strike
2-2: Strikes out swinging
Batting: RHB José Báez 0-0: Ball
1-0: Called Strike
Javier Carretero is caught stealing 2nd base
1-1: Ball
2-1: Ball
3-1: Fly out, F9 (Flyball, 9)
Top of the 3rd over - 0 run(s), 0 hit(s), 0 error(s), 0 left on base; Grand Forks 0 - Highwood 0
BOTTOM OF THE 3RD
Highwood Hawks batting - Pitching for Grand Forks Caterpillars : LHP Awad Mahmudnizhad
Batting: RHB Johnny Henshaw-Jacobs 0-0: Ball
1-0: SINGLE (Line Drive, 4MD)
Batting: SHB Iikka Karpinen 0-0: Swinging Strike
0-1: Ball
1-1: Called Strike
1-2: Strikes out swinging
Batting: LHB Jeff Simpson 0-0: Called Strike
0-1: Ball
1-1: Ball
2-1: Ball
3-1: Fly out, F9 (Flyball, 9)
Batting: RHB Reg Spiers 0-0: Called Strike
0-1: Called Strike
0-2: Ground out 6-3 (Groundball, 6M)
Bottom of the 3rd over - 0 run(s), 1 hit(s), 0 error(s), 1 left on base; Grand Forks 0 - Highwood 0
TOP OF THE 4TH
Grand Forks Caterpillars batting - Pitching for Highwood Hawks : LHP Pedro Tavárez
Batting: RHB Rhett Barry 0-0: Ground out 6-3 (Groundball, 6)
Batting: RHB Júlio Rodríguez 0-0: Foul Ball, location: 2F
0-1: DOUBLE (Groundball, 5L)
Batting: RHB Jeff Conn 0-0: Ball
Júlio Rodríguez is caught stealing 3rd base
1-0: Ball
2-0: Called Strike
2-1: Called Strike
2-2: Ball
3-2: SINGLE (Line Drive, 34D)
Batting: RHB Jorge Noutel 0-0: Ball
1-0: Called Strike
Jeff Conn is caught stealing 2nd base
Top of the 4th over - 0 run(s), 2 hit(s), 0 error(s), 0 left on base; Grand Forks 0 - Highwood 0
BOTTOM OF THE 4TH
Highwood Hawks batting - Pitching for Grand Forks Caterpillars : LHP Awad Mahmudnizhad
Batting: RHB Dennis Dudash 0-0: Ball
1-0: Fly out, F8 (Flyball, 8LXD)
Batting: SHB Gabriel Pittman 0-0: Ball
1-0: Foul Ball, location: 2F
1-1: SINGLE (Line Drive, 34)
Batting: LHB Jaime Aguilar 0-0: Ball
Gabriel Pittman steals 2nd base
1-0: Ball
2-0: Called Strike
2-1: DOUBLE (Groundball, 3L)
Gabriel Pittman scores
Batting: RHB Gerardo Espinoza 0-0: Foul Ball, location: 2F
0-1: Fly out, F9 (Flyball, 9)
Runner from 2nd tags up, SAFE at 3rd with throw
Batting: RHB Stephen McManus 0-0: Called Strike
0-1: Fly out, F9 (Line Drive, 9S)
Bottom of the 4th over - 1 run(s), 2 hit(s), 0 error(s), 1 left on base; Grand Forks 0 - Highwood 1
TOP OF THE 5TH
Grand Forks Caterpillars batting - Pitching for Highwood Hawks : LHP Pedro Tavárez
Batting: RHB Jorge Noutel 0-0: Ball
1-0: Foul Ball, location: 2F
1-1: Fly out, F8 (Flyball, 8LM)
Batting: SHB Leo Szilard 0-0: Ground out 1-3 (Groundball, P)
Batting: SHB Kel Altagracia 0-0: Foul Ball, location: 2F
0-1: SINGLE (Groundball, 56D)
Batting: RHB Javier Carretero 0-0: Fly out, F9 (Flyball, 9S)
Top of the 5th over - 0 run(s), 1 hit(s), 0 error(s), 1 left on base; Grand Forks 0 - Highwood 1
BOTTOM OF THE 5TH
Highwood Hawks batting - Pitching for Grand Forks Caterpillars : LHP Awad Mahmudnizhad
Batting: RHB Johnny Henshaw-Jacobs 0-0: Called Strike
0-1: Foul Ball, location: 2F
0-2: Ball
1-2: Ball
2-2: Strikes out swinging
Batting: SHB Iikka Karpinen 0-0: Ball
1-0: Foul Ball, location: 2F
1-1: Ball
2-1: Foul Ball, location: 2F
2-2: Ball
3-2: Foul Ball, location: 2F
3-2: Fly out, F9 (Flyball, 9LM)
Batting: LHB Jeff Simpson 0-0: Ball
1-0: Foul Ball, location: 2F
1-1: Ball
2-1: Swinging Strike
2-2: Ball
3-2: Strikes out looking
Bottom of the 5th over - 0 run(s), 0 hit(s), 0 error(s), 0 left on base; Grand Forks 0 - Highwood 1
TOP OF THE 6TH
Grand Forks Caterpillars batting - Pitching for Highwood Hawks : LHP Pedro Tavárez
Batting: RHB Joel Burrell 0-0: Ball
1-0: Ground out 5-3 (Groundball, 56S)
Batting: RHB José Báez 0-0: Ball
1-0: SINGLE (Line Drive, 4MD)
Batting: RHB Rhett Barry 0-0: Fly out, F3 (Popup, 3L)
Batting: RHB Júlio Rodríguez 0-0: Foul Ball, location: 2F
0-1: Ball
José Báez is caught stealing 2nd base
Top of the 6th over - 0 run(s), 1 hit(s), 0 error(s), 0 left on base; Grand Forks 0 - Highwood 1
BOTTOM OF THE 6TH
Highwood Hawks batting - Pitching for Grand Forks Caterpillars : LHP Awad Mahmudnizhad
Batting: RHB Reg Spiers 0-0: Foul Ball, location: 2F
0-1: Ball
1-1: Ball
2-1: Ground out 6-3 (Groundball, 6)
Batting: RHB Dennis Dudash 0-0: Fly out, F2 (Popup, 23)
Batting: SHB Gabriel Pittman 0-0: Called Strike
0-1: Foul Ball, location: 2F
0-2: Ball
1-2: Foul Ball, location: 2F
1-2: Foul Ball, location: 2F
1-2: Strikes out swinging
Bottom of the 6th over - 0 run(s), 0 hit(s), 0 error(s), 0 left on base; Grand Forks 0 - Highwood 1
TOP OF THE 7TH
Grand Forks Caterpillars batting - Pitching for Highwood Hawks : LHP Pedro Tavárez
Batting: RHB Júlio Rodríguez 0-0: Ball
1-0: Ground out 4-3 (Groundball, 4M)
Batting: RHB Jeff Conn 0-0: Fly out, F8 (Line Drive, 78M)
Batting: RHB Jorge Noutel 0-0: Ball
1-0: Called Strike
1-1: Fly out, F7 (Flyball, 7)
Top of the 7th over - 0 run(s), 0 hit(s), 0 error(s), 0 left on base; Grand Forks 0 - Highwood 1
BOTTOM OF THE 7TH
Highwood Hawks batting - Pitching for Grand Forks Caterpillars : LHP Awad Mahmudnizhad
Pitching: LHP Riemer Kos
Batting: LHB Jaime Aguilar 0-0: Foul Ball, location: 2F
0-1: Ball
1-1: Ball
2-1: Swinging Strike
2-2: Ball
3-2: Foul Ball, location: 2F
3-2: Strikes out swinging
Batting: RHB Gerardo Espinoza 0-0: Foul Ball, location: 2F
0-1: Foul Ball, location: 2F
0-2: Fly out, F9 (Flyball, 9)
Batting: RHB Stephen McManus 0-0: Called Strike
0-1: Ball
1-1: Ball
2-1: Ground out 1-3 (Groundball, 13S)
Bottom of the 7th over - 0 run(s), 0 hit(s), 0 error(s), 0 left on base; Grand Forks 0 - Highwood 1
TOP OF THE 8TH
Grand Forks Caterpillars batting - Pitching for Highwood Hawks : LHP Pedro Tavárez
Now at 1B: Pepe Álvarez
Batting: SHB Leo Szilard 0-0: Called Strike
0-1: Ground out 5-3 (Groundball, 5)
Batting: SHB Kel Altagracia 0-0: Ball
1-0: Called Strike
1-1: Foul Ball, location: 2F
1-2: Ground out 5-3 (Groundball, 56)
Batting: RHB Javier Carretero 0-0: Ball
1-0: Swinging Strike
1-1: Swinging Strike
1-2: SINGLE (Line Drive, 7S)
Batting: RHB Joel Burrell 0-0: Fly out, F7 (Flyball, 7)
Top of the 8th over - 0 run(s), 1 hit(s), 0 error(s), 1 left on base; Grand Forks 0 - Highwood 1
BOTTOM OF THE 8TH
Highwood Hawks batting - Pitching for Grand Forks Caterpillars : LHP Riemer Kos
Batting: RHB Johnny Henshaw-Jacobs 0-0: Fly out, F7 (Line Drive, 78M)
Batting: SHB Iikka Karpinen 0-0: Ground out 5-3 (Groundball, 5L)
Batting: LHB Jeff Simpson 0-0: Ball
1-0: Ball
2-0: Foul Ball, location: 2F
2-1: Foul Ball, location: 2F
2-2: Strikes out looking
Bottom of the 8th over - 0 run(s), 0 hit(s), 0 error(s), 0 left on base; Grand Forks 0 - Highwood 1
TOP OF THE 9TH
Grand Forks Caterpillars batting - Pitching for Highwood Hawks : LHP Pedro Tavárez
Now at C: Miguel De La Cruz
Batting: RHB José Báez 0-0: Ball
1-0: Ball
2-0: Foul Ball, location: 2F
2-1: Foul Ball, location: 2F
2-2: Ground out 4-3 (Groundball, 4M)
Batting: RHB Rhett Barry 0-0: Ground out 6-3 (Groundball, 6)
Batting: RHB Júlio Rodríguez 0-0: SINGLE (Groundball, 4MD)
Batting: RHB Jeff Conn 0-0: Ball
1-0: Foul Ball, location: 2F
1-1: Called Strike
1-2: Fielders Choice at 2nd, 6-4 (Groundball, 6)
Top of the 9th over - 0 run(s), 1 hit(s), 0 error(s), 0 left on base; Grand Forks 0 - Highwood 1
Monday, March 20th, 2017 - OOTP Baseball 17.12 Build 75